Map: Mech Depot LE

Players

DnS

  • Race: Protoss Protoss
  • Spawn Location: 1:00

Serral - Winner!

  • Race: Zerg Zerg
  • Spawn Location: 7:00

Event: WCS Montreal 2017

VOD

Have the link to the VOD?

Description

Time

  • Played on: Sept. 8, 2017, 6:49 p.m.
  • Length: 11:59

All games in this series

Show
View Real Time Build Order
Export as new Build Order

DnS Protoss 

Build Orders: 1 Gate Expand, Oracle Opening, Archon Immortal, Zealot Archon, Archon Drop 

Get SALT Encoding   

  12  0:00  Probe (Chrono Boost)  
  13  0:11  Probe (Chrono Boost)  
  14  0:19  Pylon  
  14  0:22  Probe (Chrono Boost)  
  15  0:37  Probe (Chrono Boost)  
  15  0:41  Gateway  
  16  0:48  Probe (Chrono Boost)  
  16  0:49  Assimilator  
  17  0:58  Probe (Chrono Boost)  
  18  1:09  Probe (Chrono Boost)  
  19  1:21  Nexus  
  19  1:24  Probe (Chrono Boost)  
  20  1:35  Cybernetics Core  
  20  1:38  Probe (Chrono Boost)  
  21  1:49  Assimilator  
  21  1:52  Probe (Chrono Boost)  
  22  1:55  Pylon  
  22  2:02  Probe (Chrono Boost)  
  23  2:14  Probe, Warp Gate, Adept (Chrono Boost)  
  25  2:27  Probe  
  26  2:31  Probe  
  26  2:32  Twilight Council  
  27  2:38  Adept (Chrono Boost)  
  27  2:39  Probe  
  27  2:42  Probe (Chrono Boost)  
  31  2:51  Stargate, Probe (Chrono Boost)  
  32  2:54  Probe (Chrono Boost)  
  32  2:57  Pylon  
  33  3:02  Adept  
  33  3:04  Probe (Chrono Boost)  
  37  3:05  Probe (Chrono Boost)  
  37  3:10  Pylon  
  37  3:15  Probe (Chrono Boost)  
  37  3:16  Probe (Chrono Boost)  
  39  3:25  Probe (Chrono Boost)  
  39  3:26  Probe (Chrono Boost)  
  41  3:32  Gateway x2  
  41  3:36  Probe (Chrono Boost)  
  41  3:38  Oracle (Chrono Boost)  
  41  3:39  Probe (Chrono Boost)  
  46  3:47  Probe  
  47  3:48  Assimilator  
  47  3:50  Probe  
  47  3:51  Assimilator  
  47  3:55  Pylon  
  48  4:02  Probe x2  
  49  4:06  Robotics Facility  
  50  4:10  Phoenix (Chrono Boost)  
  52  4:17  Probe x2  
  52  4:23  Twilight Council, Forge  
  52  4:32  Probe  
  52  4:36  Probe  
  52  4:40  Oracle (Chrono Boost)  
  52  4:44  Probe  
  56  4:49  Charge  
  56  4:54  Warp Prism  
  58  5:01  Protoss Ground Weapons Level 1 (Chrono Boost)  
  58  5:08  Nexus  
  58  5:09  Mothership Core, Pylon  
  58  5:12  Pylon  
  60  5:20  Gateway  
  60  5:21  Templar Archives  
  60  5:25  Gateway  
  60  5:29  Gateway  
  60  5:37  Gateway  
  60  5:45  Gateway  
  60  5:50  Adept x2  
  60  5:51  Adept  
  65  5:57  Probe x2  
  65  6:03  Pylon x2  
  66  6:08  Pylon  
  66  6:09  Probe x2  
  68  6:20  High Templar x4  
  68  6:21  Probe x3  
  68  6:25  Archon x2  
  78  6:28  Zealot x2  
  78  6:32  Pylon  
  82  6:33  Probe  
  82  6:35  Probe  
  82  6:37  Zealot  
  86  6:43  Zealot  
  86  6:45  Probe  
  89  6:47  Probe  
  89  6:49  Probe  
  91  6:54  Pylon  
  91  6:57  Probe  
  91  6:58  Zealot x3  
  91  6:59  Zealot  
  91  7:00  Zealot  
  91  7:01  Probe  
  103  7:12  Zealot x3  
  99  7:16  Probe  
  99  7:17  Probe x2  
  90  7:26  Psionic Storm  
  90  7:27  Probe  
  90  7:29  Probe x2  
  87  7:30  Assimilator  
  87  7:31  Assimilator, Sentry x2  
  87  7:35  Immortal (Chrono Boost)  
  91  7:39  Probe  
  91  7:42  Protoss Ground Weapons Level 2 (Chrono Boost), Probe  
  97  7:48  Zealot  
  99  7:52  Zealot x2  
  99  7:53  Zealot x2  
  99  7:54  High Templar  
  99  7:55  High Templar  
  111  8:04  High Templar  
  113  8:07  Photon Cannon  
  113  8:09  Photon Cannon  
  113  8:10  Pylon x2  
  113  8:13  High Templar  
  113  8:15  Immortal  
  113  8:18  Pylon  
  115  8:26  Nexus  
  119  8:30  Pylon  
  119  8:37  High Templar x2  
  119  8:40  Robotics Facility  
  123  8:41  Archon  
  123  8:45  Photon Cannon, Probe x3  
  123  8:46  Pylon  
  125  8:52  Zealot x4  
  125  8:55  Immortal  
  118  9:18  High Templar x2, Zealot x3  
  118  9:19  Zealot x3  
  118  9:23  Archon  
  134  9:25  Photon Cannon  
  134  9:27  Photon Cannon  
  118  9:33  Archon, Pylon  
  118  9:35  Immortal  
  101  9:41  Zealot x6, Immortal  
  115  9:56  High Templar x2  
  119  10:01  Zealot  
  119  10:02  High Templar x2  
  125  10:14  Zealot x3  
  125  10:15  Immortal  
  125  10:19  Immortal (Chrono Boost)  
  110  10:29  High Templar x2  
  110  10:33  Archon  
  112  10:41  Zealot x6  
  124  10:45  Pylon  
  123  10:54  Immortal (Chrono Boost)  
  124  11:02  Pylon  
  124  11:09  Immortal (Chrono Boost)  
  124  11:11  Nexus  
  120  11:12  High Templar  
  120  11:13  High Templar, Pylon  
  120  11:14  High Templar x2  
  126  11:18  Archon  
  124  11:32  Photon Cannon, Zealot x3  
  134  11:41  Archon  
  134  11:45  Zealot x3  
  107  11:53  Zealot x5  
Show
View Real Time Build Order
Export as new Build Order

Serral Zerg - Winner!

Build Orders: Pool First 

Get SALT Encoding   

  12  0:00  Drone  
  13  0:12  Overlord  
  13  0:17  Drone  
  14  0:30  Drone  
  14  0:31  Drone  
  14  0:35  Drone  
  17  0:44  Spawning Pool  
  17  0:48  Drone  
  17  1:09  Hatchery  
  17  1:10  Drone  
  17  1:13  Extractor  
  17  1:18  Drone  
  17  1:32  Queen  
  17  1:33  Zergling x4  
  21  1:42  Drone  
  22  1:50  Overlord  
  22  2:09  Queen, Drone  
  22  2:11  Drone  
  22  2:12  Metabolic Boost  
  26  2:20  Drone  
  28  2:22  Drone  
  28  2:34  Drone x2  
  30  2:42  Hatchery  
  30  2:43  Drone  
  29  2:51  Queen  
  29  2:55  Drone  
  32  2:58  Overlord  
  32  3:01  Drone  
  32  3:03  Drone  
  34  3:06  Drone  
  35  3:14  Overlord  
  35  3:17  Drone x3  
  35  3:19  Drone  
  39  3:23  Drone  
  39  3:24  Drone  
  42  3:27  Drone  
  42  3:32  Queen  
  42  3:33  Drone  
  45  3:42  Zergling x4  
  45  3:44  Overlord  
  45  3:45  Drone x2  
  49  3:48  Spore Crawler  
  49  3:50  Drone x2  
  49  3:55  Spore Crawler, Evolution Chamber  
  49  3:57  Zergling x2  
  49  3:58  Zergling x2  
  49  4:01  Drone  
  51  4:06  Overlord  
  51  4:07  Zergling x2  
  51  4:08  Drone x2  
  54  4:12  Zergling x2  
  54  4:15  Drone  
  54  4:16  Drone x2  
  58  4:20  Drone x2  
  58  4:22  Zerg Melee Weapons Level 1  
  60  4:26  Drone x3  
  60  4:30  Overlord  
  60  4:34  Spore Crawler  
  60  4:36  Queen  
  60  4:39  Overlord  
  60  4:43  Drone x3  
  63  4:47  Drone x2  
  63  4:50  Drone x3  
  66  4:57  Zergling x8  
  66  4:59  Drone  
  71  5:03  Baneling Nest  
  70  5:09  Extractor  
  70  5:10  Extractor x2, Lair  
  70  5:13  Zergling x4, Hatchery  
  68  5:16  Drone x2  
  68  5:17  Drone  
  68  5:18  Drone  
  72  5:23  Overlord  
  72  5:24  Drone x3  
  72  5:25  Drone  
  72  5:26  Drone  
  77  5:30  Drone  
  77  5:34  Overlord  
  78  5:36  Overlord  
  78  5:38  Zergling x6  
  81  5:43  Extractor, Zergling x2  
  81  5:49  Drone  
  81  5:50  Drone  
  81  5:52  Extractor  
  81  5:54  Overlord  
  81  5:55  Drone x2  
  83  5:57  Zergling x8  
  83  6:02  Zergling x8  
  90  6:08  Overseer  
  90  6:12  Hydralisk Den  
  90  6:15  Overlord  
  88  6:19  Drone x2  
  88  6:21  Centrifical Hooks  
  88  6:23  Drone x3  
  90  6:25  Zergling x2  
  90  6:26  Queen, Zergling x12  
  90  6:31  Zergling x2  
  99  6:42  Drone  
  99  6:43  Muscular Augments  
  99  6:46  Zerg Melee Weapons Level 2  
  100  6:47  Overlord  
  100  6:49  Hydralisk x6  
  111  6:55  Baneling x7  
  111  6:57  Zergling x8  
  111  7:00  Baneling  
  111  7:01  Baneling x5  
  102  7:17  Zergling x24  
  105  7:23  Queen  
  105  7:29  Hydralisk x3  
  102  7:30  Hydralisk  
  102  7:36  Overlord  
  110  7:44  Overlord  
  110  7:45  Overlord  
  110  7:47  Drone  
  110  7:48  Drone x5  
  110  7:50  Drone  
  115  7:52  Drone  
  115  7:56  Overlord  
  115  7:57  Drone x3  
  118  8:05  Hydralisk x6  
  119  8:12  Pneumatized Carapace  
  129  8:13  Hydralisk x3  
  129  8:14  Hydralisk  
  129  8:17  Zergling x4  
  139  8:20  Zergling x2  
  139  8:21  Zergling x4  
  142  8:28  Overlord x2  
  138  8:35  Drone x5  
  138  8:38  Hatchery  
  138  8:40  Zergling x6  
  144  8:42  Baneling x2  
  144  8:43  Baneling x10  
  144  8:46  Zergling x8  
  148  8:50  Zergling x6  
  148  8:51  Zergling x2  
  152  8:59  Zergling x14  
  152  9:00  Zergling x4  
  152  9:01  Baneling x4  
  160  9:05  Zergling x6  
  161  9:11  Zergling x6  
  161  9:13  Zergling x2  
  161  9:14  Zergling x10  
  161  9:16  Baneling x2  
  164  9:17  Baneling x2  
  164  9:21  Overlord x3  
  164  9:25  Infestation Pit  
  164  9:30  Zergling x2  
  164  9:31  Zergling x14  
  157  9:35  Zergling x2  
  157  9:36  Zergling x4  
  145  9:44  Zergling x6  
  141  9:47  Baneling x4  
  141  9:48  Baneling x13  
  139  9:55  Drone x4  
  139  9:56  Drone  
  143  10:00  Zergling x2  
  143  10:01  Zergling x20  
  143  10:05  Baneling x4  
  143  10:06  Baneling x7  
  154  10:11  Zergling x2  
  154  10:12  Zergling x6  
  147  10:22  Zergling x4  
  147  10:23  Zergling x16  
  145  10:32  Hive  
  145  10:33  Zergling x6  
  145  10:34  Spire  
  147  10:44  Spore Crawler, Queen  
  147  10:45  Drone x3  
  147  10:46  Overlord  
  147  10:47  Zergling x8  
  150  10:57  Drone x5  
  150  10:59  Zergling x12  
  155  11:13  Hydralisk x2  
  155  11:14  Hydralisk x3  
  155  11:15  Zergling x4  
  155  11:16  Zergling x4  
  168  11:20  Drone x3  
  169  11:26  Drone x2  
  169  11:27  Drone x4  
  169  11:32  Baneling x9  
  174  11:33  Baneling x4  
  160  11:41  Zergling x18  
Tags
 
Add a new tag
Caveats
  • Supply blocks, unpowered buildings, or Contaminate may cause inaccurate times.
  • Supply counts are checked every 10 seconds.